 Dungeon Crawl Stone Soup version 0.31.0-11-ge490571c62 (webtiles) character file.

Game seed: 14444734521127079081

803 SnakkuSnakku7 the Spear-Bearer (level 7, 0/48 (54) HPs)
             Began as a Merfolk Conjurer on Jan 31, 2024.
             Was an Initiate of Ru.
             Slain by a scorpion (6 damage)
             ... on level 5 of the Dungeon on Feb 1, 2024.
             The game lasted 00:10:31 (5297 turns).

SnakkuSnakku7 the Spear-Bearer (Merfolk Conjurer)   Turns: 5297, Time: 00:10:32

HP:   0/48 (54)     AC:  5    Str: 15    XL:     7   Next: 91%
MP:   10/10         EV: 12    Int: 18    God:    Ru [......]
Gold: 109           SH:  5    Dex: 12    Spells: 9/10 levels left

rFire   . . .        a - +0 halberd
rCold   . . .        (shield currently unavailable)
rNeg    . . .        k - +0 leather armour
rPois   .            g - +0 helmet
rElec   .            j - +0 cloak
rCorr   .            (no gloves)
SInv    .            (no boots)
Will    .....        w - amulet of reflection
Stlth   +            u - +6 ring of strength
HPRegen 0.28/turn    (no ring)
MPRegen 0.12/turn

%: reflection
@: lethally poisoned (0 -> -8), on fire, glowing, heavily drained
A: (nimble swimmer 2), mertail
a: Renounce Religion


You were on level 5 of the Dungeon.
You worshipped Ru.
Ru was noncommittal.
You visited 1 branch of the dungeon, and saw 5 of its levels.

You collected 170 gold pieces.
You spent 61 gold pieces at shops.

Inventory:

Hand Weapons
 a - a +0 halberd (weapon)
 y - a +1 spear
Missiles
 s - 3 curare-tipped darts (quivered)
Armour
 g - a +0 helmet (worn)
 h - a +0 robe
 j - a +0 cloak (worn)
 k - a +0 leather armour (worn)
Jewellery
 u - a +6 ring of strength (left hand)
 v - an amulet of regeneration
 w - an amulet of reflection (around neck)
Wands
 t - a wand of polymorph (11)
Scrolls
 c - a scroll of poison {unknown}
 d - a scroll of noise {unknown}
 e - a scroll of enchant weapon
 f - a scroll of amnesia {unknown}
 l - 2 scrolls of teleportation
 m - a scroll of fear {unknown}
 o - 2 scrolls of vulnerability
 p - a scroll of immolation
Potions
 b - a potion of magic
 i - a potion of lignification {unknown}
 q - a potion of resistance
 r - a potion of enlightenment
 x - a potion of haste


   Skills:
 - Level 4.0 Fighting
 + Level 9.6 Polearms
 - Level 2.6 Dodging
 - Level 2.1 Stealth
 - Level 1.3 Unarmed Combat
 - Level 2.0 Spellcasting
 - Level 3.2 Conjurations


You had 9 spell levels left.
You knew the following spells:

 Your Spells              Type           Power      Damage    Failure   Level
a - Magic Dart            Conj           52%        1d5       6%          1

Your spell library contained the following spells:

 Spells                   Type           Power      Damage    Failure   Level
 Searing Ray              Conj           26%        2d5       9%          2
 Foxfire                  Conj/Fire      28%        2x1d5     12%         1
 Cigotuvi's Dreadful Rot  Necr/Alch/Air  2%         N/A       32%         2
 Ensorcelled Hibernation  Hex/Ice        2%         N/A       32%         2
 Passwall                 Erth           1%         N/A       54%         3
 Swiftness                Air            1%         N/A       54%         3
 Tukima's Dance           Hex            1%         N/A       54%         3
 Fulminant Prism          Conj/Alch      3%         3d5       75%         4
 Iskenderun's Mystic Bla  Conj/Tloc      7%         2d4       75%         4
 Ignite Poison            Fire/Alch      1%         N/A       91%         4
 Passage of Golubria      Tloc           1%         N/A       91%         4
 Freezing Cloud           Conj/Ice/Air   2%         6-21      98%         5
 Yara's Violent Unravell  Hex/Alch       0%         3d3       99%         5
 Plasma Beam              Fire/Air       0%         2x1d10    100%        6
 Starburst                Conj/Fire      3%         6d3       100%        6


Dungeon Overview and Level Annotations

Branches:
Dungeon (5/15)
 Temple: D:4-7

Altars:
Elyvilon
Fedhas
Ru
Vehumet
Zin
The Shining One

Shops:
D:4 *

Annotations:
D:4 1 runed translucent door, Crazy Yiuf


Innate Abilities, Weirdness & Mutations

((You are very nimble when in or above water. (Stealth+, EV+, Speed+++)))
Your lower body shifts to a powerful aquatic tail in water.


Message History

You barely miss the bombardier beetle.
The bombardier beetle is severely wounded.
The bombardier beetle completely misses you.
You barely miss the bombardier beetle.
The bombardier beetle is severely wounded.
The bombardier beetle sprays incendiary fluid at you.
The burning spray hits you.
You are covered in liquid fire!
You hit the bombardier beetle.
The bombardier beetle is severely wounded.
The liquid fire burns you!
You hit the bombardier beetle.
You kill the bombardier beetle!
The liquid fire burns you! The scorpion stings you.
You barely miss the scorpion. The liquid fire burns you!
The scorpion stings you but does no damage.
Unknown command.
You barely miss the scorpion. The liquid fire burns you!
The scorpion stings you.
You barely miss the scorpion. The liquid fire burns you!
The scorpion stings you.
You are poisoned.
The scorpion poisons you!
A water moccasin comes into view.
You barely miss the scorpion. The liquid fire burns you!
You feel very sick.
The water moccasin hisses angrily.
The scorpion stings you.
* * * LOW HITPOINT WARNING * * *
You puncture the scorpion!
The scorpion is severely wounded.
The liquid fire burns you!
* * * LOW HITPOINT WARNING * * *
x2 You feel very sick.
The scorpion stings you.
You die...

#####.#..#.##..###.## #..####
..##.#..#.#####..#.[# #..#
.##.#..#.##..#..###.# #..#
#..#..#.## ..###..#.# #..#
.....#.## 5s#..#### #..####
##..#.## #.###..# #...... ..#.##
#.o#..### #...... #..## #S###..#
####### +.## #5s@...# #.. ####
#### #####.############.#
.##.#####..##.# #....##.........#
..............# #.#..##.#######.#
. #........## #.#..##.# #..
....###.....#####.#..##.# ###
........................# #
....###.........(..#.############
..#z# #.....###.#.<#.#...........


You could see a water moccasin, a scorpion and an ufetubus.

Vanquished Creatures
  Edmund (D:4)
  An ogre (D:4)
  3 wights (D:4)
  2 howler monkeys
  A hound (D:5)
  2 orc priests (D:4)
  A bombardier beetle (D:5)
  A jelly (D:5)
  Ijyb (D:2)
  4 adders
  A shadow imp (D:5)
  3 dart slugs (D:2)
  2 ribbon worms
  11 orcs
  7 ball pythons
  8 bats
  6 endoplasms
  3 giant cockroaches
  6 hobgoblins
  7 jackals
  7 quokkas
  2 frilled lizards
  12 goblins
  10 kobolds
  8 rats
110 creatures vanquished.

Vanquished Creatures (others)
  An orc wizard (D:4)
1 creature vanquished.

Grand Total: 111 creatures vanquished

Notes
Turn   | Place    | Note
-------+----------+-------------------------------------------
     0 | D:1      | SnakkuSnakku7 the Merfolk Conjurer began the quest for the
                  | Orb.
     0 | D:1      | Reached XP level 1. HP: 13/13 MP: 3/3
   208 | D:1      | Reached skill level 1 in Fighting
   208 | D:1      | Reached skill level 1 in Unarmed Combat
   232 | D:1      | Reached XP level 2. HP: 21/21 MP: 1/5
   590 | D:1      | Reached skill level 1 in Polearms
   797 | D:1      | Reached XP level 3. HP: 27/27 MP: 6/6
   980 | D:2      | Reached skill level 2 in Polearms
  1349 | D:2      | Reached XP level 4. HP: 27/34 MP: 7/7
  1849 | D:3      | Noticed Ijyb
  1857 | D:3      | Paralysed by Ijyb for 2 turns
  1866 | D:2      | Paralysed by Ijyb for 2 turns
  1873 | D:2      | Paralysed by Ijyb for 2 turns
  1882 | D:2      | Paralysed by Ijyb for 5 turns
  1890 | D:2      | Paralysed by Ijyb for 5 turns
  1899 | D:2      | Paralysed by Ijyb for 4 turns
  1913 | D:2      | Paralysed by Ijyb for 2 turns
  1918 | D:2      | Paralysed by Ijyb for 3 turns
  1930 | D:2      | Killed Ijyb
  1931 | D:2      | Reached skill level 3 in Polearms
  1952 | D:3      | Found a faded altar of an unknown god.
  2212 | D:3      | Reached XP level 5. HP: 38/41 MP: 8/8
  2342 | D:3      | Found a blossoming altar of Fedhas.
  2483 | D:3      | Found a glowing golden altar of the Shining One.
  2483 | D:3      | Found a white marble altar of Elyvilon.
  2487 | D:3      | Found a glowing silver altar of Zin.
  2947 | D:4      | Reached skill level 4 in Polearms
  3182 | D:4      | Noticed an ogre
  3187 | D:4      | Found a radiant altar of Vehumet.
  3241 | D:4      | Killed an ogre
  3242 | D:4      | Reached skill level 5 in Polearms
  3242 | D:4      | Reached XP level 6. HP: 48/48 MP: 9/9
  3255 | D:4      | Noticed Edmund
  3275 | D:4      | Killed Edmund
  3276 | D:4      | Reached skill level 7 in Polearms
  3312 | D:4      | Reached XP level 7. HP: 50/54 MP: 10/10
  3327 | D:4      | Found Qounnemm's Assorted Antiques.
  3345 | D:4      | Bought 2 fuming pink potions for 61 gold pieces
  3714 | D:4      | Found a runed translucent door.
  3715 | D:4      | Noticed Crazy Yiuf
  3811 | D:5      | Entered Level 5 of the Dungeon
  4170 | D:5      | Found a sacrificial altar of Ru.
  4181 | D:5      | Became a worshipper of Ru the Awakened
  4223 | D:5      | Reached skill level 8 in Polearms
  4646 | D:5      | HP: 2/48 [wight/+0 halberd (9)]
  4826 | D:4      | Reached skill level 9 in Polearms
  5297 | D:5      | Slain by a scorpion

Illustrated notes

Levels and vault maps discovered:
D:1:      scummos_arrival_simple_fountains, layout_loops_cross,
          minmay_pentomino_p4
D:2:      layout_loops_ring, serial_bayou, serial_bayou_pond_d,
          serial_bayou_ford_a, serial_bayou_pond_e, serial_bayou_pond_a,
          serial_bayou_shore_a
D:3:      minmay_general_purpose_star, layout_basic,
          dreamdust_divine_triumvirate, fedhas_altar_3,
          hellmonk_ecumenical_altar_blasted, chequers_mini_garden, uniq_ijyb
D:4:      layout_basic, mainiacjoe_overflow_brackets, serial_shops, shop,
          uniq_crazy_yiuf_cottage, uniq_edmund
D:5:      minmay_razor_zed, layout_loops_ring, nicolae_ru_awakened_eye

Skill      XL: |  1  2  3  4  5  6  7 |
---------------+----------------------+-----
Fighting       | 1 2 3 4 |  4.0
Unarmed Combat | 1 |  1.3
Polearms       | 1 2 3 5 7 9 |  9.6
Dodging        | |  2.6
Stealth        | |  2.1
Spellcasting   | |  2.0
Conjurations   | |  3.2

Action                     |  1- 3 |  4- 6 |  7- 9 || total
---------------------------+-------+-------+-------++-------
  Melee: Unarmed           |    32 |       |       ||    32
         Spear             |   153 |   283 |   119 ||   555
         Punch             |     2 |     5 |     3 ||    10
         Tailslap          |     7 |     8 |       ||    15
         Halberd           |       |       |    20 ||    20
  Throw: Dart              |       |     2 |       ||     2
   Cast: Magic Dart        |    29 |       |       ||    29
  Evoke: Wand              |       |     5 |     7 ||    12
    Use: Scroll            |       |     5 |     2 ||     7
         Potion            |       |     1 |     1 ||     2
   Stab: Sleeping          |     7 |     4 |     1 ||    12
         Distracted        |       |     1 |       ||     1
         Paralysed         |       |     5 |     5 ||    10
 Armour: Robe              |    49 |       |       ||    49
         Leather armour    |    42 |    96 |    54 ||   192
  Dodge: Dodged            |   106 |   129 |    50 ||   285
  Block: Other             |       |       |     9 ||     9
